 Dungeon Crawl Stone Soup version 0.26-a0-672-g1df16c3386 (webtiles) character file.

Game seed: 220619104677477725

476 somkeydreadnuts the Firebug (level 6, -7/32 HPs)
             Began as a Deep Elf Fire Elementalist on Oct 20, 2020.
             Was an Initiate of Vehumet.
             Killed from afar by a gargoyle (18 damage)
             ... with a stone arrow
             ... on level 4 of the Dungeon.
             The game lasted 00:25:26 (4423 turns).

somkeydreadnuts the Firebug (DEFE)                  Turns: 4423, Time: 00:25:27

Health: -7/32      AC:  3    Str: 19    XL:     6   Next: 85%
Magic:  13/15      EV: 13    Int: 22    God:    Vehumet [......]
Gold:   192        SH:  0    Dex: 15    Spells: 11/15 levels left

rFire    + . .     SeeInvis .   y - +3 hand axe "Ewaclying" {venom, rF+ MR- Str+8 Stlth+}
rCold    . . .     Faith    .   (no shield)
rNeg     . . .     Spirit   .   a - +0 robe
rPois    .         Reflect  .   (no helmet)
rElec    .         Harm     .   (no cloak)
rCorr    .         Rampage  .   (no gloves)
MR       .....                  d - +0 pair of boots
Stlth    ++++......             b - amulet of magic regeneration
HPRegen  0.10/turn              i - +6 ring of strength
MPRegen  0.39/turn              f - ring of stealth

@: no status effects
A: no striking features
a: Renounce Religion


You were on level 4 of the Dungeon.
You worshipped Vehumet.
Vehumet was noncommittal.
You visited 2 branches of the dungeon, and saw 5 of its levels.

You collected 192 gold pieces.

Inventory:

Hand Weapons
 k - a +4 short sword of speed
 u - a +2 flail of protection
 y - the +3 hand axe "Ewaclying" (weapon) {venom, rF+ MR- Str+8 Stlth+}
   (You found it on level 4 of the Dungeon)

   It poisons the flesh of those it strikes.
   It affects your strength (+8).
   It protects you from fire.
   It affects your resistance to hostile enchantments.
   It makes you more stealthy.
Armour
 a - a +0 robe (worn)
 d - a +0 pair of boots (worn)
 m - a +0 leather armour of positive energy
 w - a +2 ring mail of magic resistance
Jewellery
 b - an amulet of magic regeneration (around neck)
 e - a +6 ring of dexterity
 f - a ring of stealth (right hand)
 i - a +6 ring of strength (left hand)
 p - an uncursed amulet of guardian spirit
Scrolls
 c - a scroll of enchant weapon {unknown}
 h - a scroll of fear {unknown}
 j - 3 scrolls of identify
 l - a scroll of enchant armour {unknown}
 q - a scroll of fog
 t - a scroll of magic mapping
 v - a scroll of remove curse
 x - a scroll of teleportation {unknown}
Potions
 g - a potion of brilliance
 n - a potion of might
 o - a potion of haste
 r - a potion of mutation {unknown}
 s - a potion of heal wounds {unknown}


   Skills:
 - Level 0.1 Fighting
 - Level 2.4 Dodging
 - Level 2.4 Stealth
 - Level 5.0 Spellcasting
 * Level 3.9 Conjurations
 + Level 6.7 Fire Magic


You had 11 spell levels left.
You knew the following spells:

 Your Spells              Type           Power        Failure   Level
a - Foxfire               Conj/Fire      ####         1%          1
b - Conjure Flame         Conj/Fire      ####....     3%          3

Your spell library contained the following spells:

 Spells                   Type           Power        Failure   Level
 Inner Flame              Hex/Fire       ###.....     8%          3
 Sticky Flame             Conj/Fire      ####....     11%         4
 Fireball                 Conj/Fire      ####......   30%         5


Dungeon Overview and Level Annotations

Branches:
Dungeon (4/15)             Temple (1/1) D:4

Altars:
Ashenzari
Cheibriados
Dithmenos
Elyvilon
Fedhas
Gozag
Hepliaklqana
Kikubaaqudgha
Makhleb
Nemelex Xobeh
Okawaru
Qazlal
Ru
Sif Muna
Trog
Vehumet
Wu Jian
Xom
Zin
The Shining One

Shops:
D:4 [}

Annotations:
D:4 1 transporter


Message History

You see here a whip.
Unknown command.
There is a transporter landing site here.
You see here a whip.
There is a transporter here.
You enter the transporter and appear at another place.
Casting: Foxfire (safe; 1% risk of failure)
Confirm with . or Enter, or press ? or * to list all spells.
You conjure some foxfire!
The gargoyle hits you with a +0 mace!!
Ouch! That really hurt!
The orc hits you with a +0 dagger.
Casting: Foxfire (safe; 1% risk of failure)
Confirm with . or Enter, or press ? or * to list all spells.
You conjure some foxfire!
The foxfire hits the gargoyle but does no damage. x2
The centaur skeleton closely misses you.
The gargoyle hurls a stone arrow at you.
The stone arrow hits you!!
Ouch! That really hurt!
You die...

....# #.......©.....##
#.#.#####...#########..#
##.....†...##8$___$8##.#
#.#.#####..#..?$$:/..#.#
.##.# ###..#.#.....#.#.#
....# #....#..#...#..#.#
.<.## #.#..#........©#.#
...# #.#..#..#§v.#..#.#
...# # #..#.#§.@g.#.#.#
...# #.#..#...v9oZ..#.#
...# #....##8../..8##.#
...# #.....#########..#
...####.#.#..)..©.....##
..>...#...##.##...#####
##.##.#..# #.###.##
...##.#..# #..#..#
......[.....#+#.##


You could see a gargoyle, a gnoll, an orc and a centaur skeleton.

Vanquished Creatures
  3 jellies (D:3)
  2 hounds (D:3)
  3 orc wizards
  2 orc priests
  Terence (D:3)
  3 adders (D:4)
  A gnoll (D:3)
  7 oozes (D:3)
  A dart slug (D:1)
  8 leopard geckos
  10 orcs
  3 bats (D:1)
  3 giant cockroaches
  6 goblins
  4 hobgoblins
  2 quokkas
  A ball python (D:1)
  3 frilled lizards
  11 kobolds
  11 rats
85 creatures vanquished.

Vanquished Creatures (collateral kills)
  A foxfire (D:4)
1 creature vanquished.

Vanquished Creatures (others)
  243 foxfires
  6 fungi (D:3)
  10 toadstools (D:3)
259 creatures vanquished.

Grand Total: 345 creatures vanquished

Notes
Turn   | Place    | Note
-------+----------+-------------------------------------------
     0 | D:1      | somkeydreadnuts the Deep Elf Fire Elementalist began the
                  | quest for the Orb.
     0 | D:1      | Reached XP level 1. HP: 10/10 MP: 6/6
   257 | D:1      | Reached XP level 2. HP: 15/15 MP: 4/8
   627 | D:1      | Reached skill level 4 in Fire Magic
  1125 | D:1      | Reached XP level 3. HP: 19/19 MP: 8/10
  1822 | D:2      | Found a shimmering blue altar of Sif Muna.
  2304 | D:3      | Noticed Terence
  2322 | D:3      | Killed Terence
  2322 | D:3      | Reached XP level 4. HP: 20/24 MP: 2/12
  2503 | D:3      | Reached skill level 5 in Fire Magic
  2709 | D:3      | Reached skill level 5 in Spellcasting
  2718 | D:3      | Reached XP level 5. HP: 22/28 MP: 11/14
  2954 | D:3      | Reached skill level 6 in Fire Magic
  2954 | D:3      | Reached XP level 6. HP: 3/32 MP: 7/15
  3259 | D:3      | Learned a level 3 spell: Conjure Flame
  3871 | D:4      | Found a glowing golden altar of the Shining One.
  3990 | D:4      | Found a staircase to the Ecumenical Temple.
  3997 | Temple   | Entered the Ecumenical Temple
  4054 | Temple   | Became a worshipper of Vehumet
  4136 | D:4      | Found Ziceewau's Antique Armour Shoppe.
  4213 | D:4      | Found Deal Ygi's Gadget Shop.
  4227 | D:4      | Got a translucent hand axe
  4229 | D:4      | Identified the +3 hand axe "Ewaclying" {venom, rF+ MR-
                  | Str+8 Stlth+} (You found it on level 4 of the Dungeon)
  4344 | D:4      | Found a transporter.
  4350 | D:4      | Noticed a gargoyle
  4351 | D:4      | Found a transporter.
  4361 | D:4      | Found an opulent altar of Gozag.
  4361 | D:4      | Found an ancient bone altar of Kikubaaqudgha.
  4362 | D:4      | Found an iron altar of Okawaru.
  4423 | D:4      | Killed from afar by a gargoyle

Illustrated notes

Levels and vault maps discovered:
D:1:      dpeg_arrival_three_smaller_balls, layout_loops_corners,
          serial_bayou_pond_c, minmay_heptomino_l4
D:2:      wander_river, layout_basic, led_sif_pool
D:3:      cheibrodos_fertilizer, layout_loops_ring, nrook_campfire,
          cheibrodos_gnoll_hut, uniq_terence
D:4:      layout_loops_cross, lemuel_doored_altar,
          yredelemnul_forgotten_temple_becter, gammafunk_temple_overflow_arena,
          minmay_temple_entry_trees, serial_shops, nicolae_shop_window_shopping,
          nicolae_shop_crystal, nicolae_shop_behind_doors
Temple:   kb_temple_of_zot

Skill      XL: |  1  2  3  4  5  6 |
---------------+-------------------+-----
Fire Magic     | 4 5 6 |  6.7
Spellcasting   | 4 5 |  5.0
Conjurations   | 2 3 |  3.9
Fighting       | |  0.1
Dodging        | |  2.4
Stealth        | |  2.4

Action                   |  1- 3 |  4- 6 || total
-------------------------+-------+-------++-------
Melee: Mace              |     7 |       ||     7
       Short sword       |    11 |    12 ||    23
       Flail             |       |     1 ||     1
 Cast: Foxfire           |    67 |    90 ||   157
  Use: Scroll            |     7 |     3 ||    10
 Stab: Sleeping          |     2 |       ||     2
Armor: Robe              |     5 |     4 ||     9
Dodge: Dodged            |    35 |    32 ||    67

Table legend: (Time is in decaauts)
 A = Elapsed time spent in this place.
 B = Non-inter-level travel time spent in this place.
 C = Inter-level travel time spent in this place.
 D = Time resting spent in this place.
 E = Time spent auto-exploring this place.
 F = Levels seen in this place.
 G = Mean time per level.
                   A        B        C        D        E       F      G
               +--------+--------+--------+--------+--------+-----+--------+
         Total |   4430 |   4430 |      0 |      0 |   2744 |   5 |  886.0 |
       Dungeon |   4339 |   4339 |      0 |      0 |   2701 |   4 | 1084.8 |
        Temple |     90 |     90 |      0 |      0 |     43 |   1 |   90.0 |
               +--------+--------+--------+--------+--------+-----+--------+

Top non-repeatable levels by time:
     D:3: 1576 daAuts
     D:1: 1216 daAuts
     D:2: 959 daAuts
     D:4: 586 daAuts
  Temple: 90 daAuts
